 Dungeon Crawl Stone Soup version 0.31-a0-431-g88bdf31460 (webtiles) character file.

Game seed: 7441869131901212944

1465 randomguy2701 the Carver (level 8, -3/70 HPs)
             Began as a Minotaur Fighter on July 31, 2023.
             Slain by an ogre
             ... wielding a +0 giant club
              (16 damage)
             ... on level 6 of the Dungeon.
             The game lasted 00:05:49 (4470 turns).

randomguy2701 the Carver (Minotaur Fighter)         Turns: 4470, Time: 00:05:49

Health: -3/70      AC: 21    Str: 21    XL:     8   Next: 48%
Magic:  7/7        EV:  4    Int: 11    God:
Gold:   322        SH:  5    Dex: 12    Spells: 7/7 levels left

rFire   . . .        a - +0 long sword
rCold   . . .        c - +0 buckler
rNeg    . . .        u - +0 crystal plate armour
rPois   .            (helmet restricted)
rElec   .            (no cloak)
rCorr   .            b - +1 pair of gloves
SInv    .            (no boots)
Will    .....        (no amulet) Stlth
                     m - +6 ring of intelligence
HPRegen 0.31/turn    (no ring)
MPRegen 0.10/turn

%: no passive effects
@: mighty, lethally poisoned (-3 -> -5)
A: horns 2, retaliatory headbutt
a: no special abilities


You were on level 6 of the Dungeon.
You visited 2 branches of the dungeon, and saw 7 of its levels.

You collected 322 gold pieces.

Inventory:

Hand Weapons
 a - a +0 long sword (weapon)
Armour
 b - a +1 pair of gloves (worn)
 c - a +0 buckler (worn)
 u - a +0 crystal plate armour (worn)
Jewellery
 m - a +6 ring of intelligence (left hand)
Wands
 q - a wand of light (11)
Scrolls
 e - 2 scrolls of fog {unknown}
 g - a scroll of blinking {unknown}
 h - 5 scrolls of identify {unknown}
 j - a scroll of amnesia {unknown}
 l - a scroll of silence {unknown}
 n - a scroll of poison {unknown}
 o - a scroll of vulnerability {unknown}
 p - a scroll of enchant armour {unknown}
 r - a scroll of teleportation {unknown}
 t - a scroll of noise {unknown}
Potions
 f - a potion of magic {unknown}
 i - a potion of mutation {unknown}
 k - 5 potions of curing {unknown}
 s - 4 potions of heal wounds {unknown}


   Skills:
 + Level 6.0 Fighting
 + Level 8.1 Long Blades
 + Level 7.7 Armour
 + Level 2.6 Dodging
 + Level 0.5 Stealth
 + Level 5.5 Shields


You had 7 spell levels left.
You didn't know any spells.
Your spell library contained the following spells:

 Spells                   Type           Power      Damage    Failure   Level
 Slow                     Hex            0%         N/A       100%        1
 Cigotuvi's Dreadful Rot  Necr/Pois/Air  0%         N/A       100%        2
 Confusing Touch          Hex            0%         N/A       100%        3
 Vampiric Draining        Necr           0%         2d6       100%        3
 Dispel Undead            Necr           0%         3d6       100%        4
 Death Channel            Necr           0%         N/A       100%        6


Dungeon Overview and Level Annotations

Branches:
Dungeon (6/15)             Temple (1/1) D:4

Altars:
Cheibriados
Dithmenos
Fedhas
Hepliaklqana
Makhleb
Nemelex Xobeh
Sif Muna
Trog
Uskayaw
Vehumet
Xom
Yredelemnul
Zin
The Shining One

Shops:
D:3 (

Annotations:
Temple 2 transporters


Innate Abilities, Weirdness & Mutations

You have a pair of horns on your head.
You reflexively headbutt those who attack you in melee.


Message History

The centaur hits you but does no damage.
The centaur kicks you.
You slash the ogre!
The ogre is almost dead.
You feel sick.
The centaur hits you but does no damage.
The centaur kicks you but does no damage.
The orc hits you but does no damage.
Unknown command.
You slash the ogre!
You kill the ogre!
You feel sick.
The centaur hits you but does no damage.
The centaur kicks you. You block the centaur's attack.
The centaur kicks you but does no damage.
The orc hits you but does no damage.
Your Fighting skill increases to level 6!
Your Long Blades skill increases to level 8!
You slice the ogre!!
The ogre is almost dead.
You feel sick.
The centaur hits you but does no damage.
The centaur kicks you but does no damage.
The ogre hits you with a +0 giant club!
* * * LOW HITPOINT WARNING * * *
The orc barely misses you.
The centaur hits you but does no damage.
The centaur kicks you.
* * * LOW HITPOINT WARNING * * *
You slash the ogre!
You kill the ogre!
You feel sick. You block the centaur's attack.
The centaur kicks you but does no damage.
You block the orc's attack.
Unknown command.
You hit the ogre.
The ogre is lightly wounded.
You feel sick. The centaur barely misses you. You block the centaur's attack.
The ogre hits you with a +0 giant club!
You die...

###<....#.#
#.........#
#.........#
#.........+
#.........#
#.........#
###.........#
......o)....#
......O@....#
......c.....#
............###
..............#
...########...#
.. #...# .
#...# #...#
#####


You could see an ogre, a centaur and an orc.

Vanquished Creatures
  Pikel (D:4)
  Sigmund (D:2)
  3 ogres
  4 lemures
  Blork the orc (D:5)
  2 scorpions
  2 hounds
  Ijyb (D:4)
  Jessica (D:2)
  Natasha (thrice) (D:3)
  2 iguanas (D:5)
  An orc wizard (D:4)
  4 gnolls (D:2)
  5 adders
  A shadow imp (D:6)
  A white imp (D:6)
  5 worms
  4 dart slugs
  4 orcs
  An endoplasm (D:1)
  4 goblins
  9 hobgoblins
  9 jackals
  4 kobolds
  2 quokkas (D:2)
  2 ball pythons
  2 bats (D:2)
  A frilled lizard (D:2)
  5 rats
85 creatures vanquished.

Vanquished Creatures (others)
  A wizard (D:4)
1 creature vanquished.

Grand Total: 86 creatures vanquished

Notes
Turn   | Place    | Note
-------+----------+-------------------------------------------
     0 | D:1      | randomguy2701 the Minotaur Fighter began the quest for the
                  | Orb.
     0 | D:1      | Reached XP level 1. HP: 19/19 MP: 0/0
   172 | D:1      | Reached XP level 2. HP: 27/27 MP: 1/1
   622 | D:2      | Noticed Jessica
   639 | D:2      | Killed Jessica
   640 | D:2      | Reached skill level 3 in Long Blades
   640 | D:2      | Reached XP level 3. HP: 33/33 MP: 2/2
   702 | D:2      | Noticed Sigmund
   834 | D:2      | Killed Sigmund
   835 | D:2      | Reached skill level 4 in Long Blades
   835 | D:2      | Reached XP level 4. HP: 32/41 MP: 3/3
   835 | D:2      | Reached XP level 5. HP: 36/47 MP: 4/4
   977 | D:2      | Reached skill level 5 in Armour
  1157 | D:2      | Reached skill level 1 in Dodging
  1277 | D:2      | Reached XP level 6. HP: 51/55 MP: 5/5
  1725 | D:3      | Noticed Natasha
  1734 | D:3      | Killed Natasha
  1776 | D:3      | Noticed Natasha
  1781 | D:3      | Killed Natasha
  1782 | D:3      | Reached skill level 5 in Long Blades
  1814 | D:3      | Found a shimmering altar of Xom.
  1871 | D:3      | Noticed Natasha
  1878 | D:3      | Killed Natasha
  1879 | D:3      | Reached skill level 5 in Fighting
  1955 | D:3      | Reached skill level 5 in Shields
  2302 | D:3      | Found Hatt's Antique Weapon Shop.
  2519 | D:4      | Found a bloodstained altar of Trog.
  2541 | D:4      | Noticed Ijyb
  2554 | D:4      | Killed Ijyb
  2563 | D:4      | Reached XP level 7. HP: 31/61 MP: 6/6
  2720 | D:4      | Noticed a wizard
  2725 | D:4      | Killed a wizard
  2986 | D:4      | Found a shadowy altar of Dithmenos.
  3147 | D:4      | Found a staircase to the Ecumenical Temple.
  3277 | Temple   | Found a transporter.
  3277 | Temple   | Found a transporter.
  3277 | Temple   | Found a transporter.
  3277 | Temple   | Found a transporter.
  3277 | Temple   | Entered the Ecumenical Temple
  3295 | D:5      | Entered Level 5 of the Dungeon
  3312 | D:5      | Reached skill level 6 in Long Blades
  3452 | D:5      | Noticed Pikel
  3620 | D:4      | Killed Pikel
  3621 | D:4      | Reached skill level 7 in Long Blades
  3621 | D:4      | Reached XP level 8. HP: 19/70 MP: 7/7
  3921 | D:5      | Noticed Blork the orc
  3929 | D:5      | Killed Blork the orc
  4468 | D:6      | Reached skill level 8 in Long Blades
  4470 | D:6      | Slain by an ogre

Illustrated notes

Levels and vault maps discovered:
D:1:      shiori_arrival_elements, layout_loops_ring
D:2:      layout_loops_cross, uniq_sigmund, uniq_jessica
D:3:      layout_rooms, mainiacjoe_overflow_alcove_1, serial_shops,
          nicolae_shop_peninsula, minmay_distorted, uniq_natasha
D:4:      layout_loops_cross, amcnicky_altar_gilded, trog_wizard,
          temple_fountains, uniq_ijyb
D:5:      layout_basic, uniq_pikel, uniq_blork_the_orc
D:6:      layout_basic, lemuel_doored_altar, uniq_grinder
Temple:   hellmonk_temple_divided_pantheon

Skill      XL: |  1  2  3  4  5  6  7  8 |
---------------+-------------------------+-----
Fighting       | 4 5 6 |  6.0
Armour         | 4 5 6 7 |  7.7
Shields        | 4 5 |  5.5
Long Blades    | 3 4 5 7 8 |  8.1
Dodging        | 1 2 |  2.6
Stealth        | |  0.5

Action                     |  1- 3 |  4- 6 |  7- 9 || total
---------------------------+-------+-------+-------++-------
  Melee: Long sword        |    59 |   124 |   109 ||   292
         Headbutt          |    12 |    22 |    29 ||    63
    Use: Potion            |       |       |     1 ||     1
 Armour: Scale mail        |    25 |    46 |    13 ||    84
         Crystal plate arm |       |       |    57 ||    57
  Dodge: Dodged            |    16 |    53 |    36 ||   105
  Block: Buckler           |     7 |    28 |    18 ||    53

Table legend: (Time is in decaauts)
 A = Elapsed time spent in this place.
 B = Non-inter-level travel time spent in this place.
 C = Inter-level travel time spent in this place.
 D = Time resting spent in this place.
 E = Time spent auto-exploring this place.
 F = Levels seen in this place.
 G = Mean time per level.
                   A        B        C        D        E       F      G
               +--------+--------+--------+--------+--------+-----+--------+
         Total |   4527 |   4235 |    292 |      0 |   3450 |   7 |  646.7 |
       Dungeon |   4525 |   4234 |    291 |      0 |   3450 |   6 |  754.2 |
        Temple |      1 |      1 |      0 |      0 |      0 |   1 |    1.0 |
               +--------+--------+--------+--------+--------+-----+--------+

Top non-repeatable levels by time:
     D:4: 1206 daAuts
     D:2: 957 daAuts
     D:1: 818 daAuts
     D:5: 788 daAuts
     D:3: 683 daAuts
     D:6: 71 daAuts
  Temple: 1 daAuts
